| TOP OF THE 1ST |
|
Miami Whales batting - Pitching for Daytona Beach Islanders : LHP Richard Herendeen
|
|
Pitching: LHP Richard Herendeen
|
|
|
Batting: SHB Ramon Alcantara
|
0-0: Called Strike 0-1: Ball 1-1: Called Strike 1-2: Ball 2-2: Ball 3-2: Foul Ball, location: 2F 3-2: SINGLE (Flyball, 4D, EV 89.4 MPH)
|
|
Batting: RHB Tom Grant
|
0-0: Called Strike 0-1: Ball 1-1: Ball 2-1: Ball 3-1: Called Strike 3-2: DOUBLE (Flyball, 8RXD, EV 98.8 MPH) Ramon Alcantara to third Ramon Alcantara scores
|
|
Batting: LHB Lorenzo Bundy
|
0-0: Ball 1-0: Ball 2-0: Called Strike 2-1: 2-RUN HOME RUN (Flyball, 9D, EV 93.8 MPH), Distance : 352 ft
|
|
Batting: RHB Donald Morris
|
0-0: Ball 1-0: SINGLE (Groundball, 34S, EV 71.3 MPH) (infield hit)
|
|
Batting: RHB Steve Benson
|
0-0: Called Strike 0-1: Grounds into double play, 6-4-3 (Groundball, 6, EV 108.8 MPH)
|
|
Batting: RHB Ramon Cardenas
|
0-0: Swinging Strike 0-1: Ball 1-1: Foul Ball, location: 2F 1-2: Strikes out swinging
|
| Top of the 1st over - 3 runs, 4 hits, 0 errors, 0 left on base; Miami 3 - Daytona Beach 0 |
| BOTTOM OF THE 1ST |
|
Daytona Beach Islanders batting - Pitching for Miami Whales : RHP Craig Jones
|
|
Pitching: RHP Craig Jones
|
|
|
Batting: SHB Michael Frierson
|
0-0: Ball 1-0: Foul Ball, location: 2F 1-1: Foul Ball, location: 2F 1-2: Ball 2-2: Ball 3-2: SINGLE (Line Drive, 89S, EV 88.8 MPH)
|
|
Batting: RHB Juan Salinas
|
0-0: Ball 1-0: Foul Ball, location: 2F 1-1: Ball 2-1: Fly out, F9 (Line Drive, 9D, EV 98.8 MPH)
|
|
Batting: LHB Jim Eppard
|
0-0: Called Strike Michael Frierson steals 2nd base 0-1: Foul Ball, location: 2F 0-2: Ball 1-2: Ball 2-2: Ground out 6-3 (Groundball, 56, EV 86.3 MPH)
|
|
Batting: RHB Columbus Duncan
|
0-0: Swinging Strike 0-1: Ball 1-1: Ball 2-1: Foul Ball, location: 2F 2-2: Strikes out swinging
|
| Bottom of the 1st over - 0 runs, 1 hit, 0 errors, 1 left on base; Miami 3 - Daytona Beach 0 |
| TOP OF THE 2ND |
|
Miami Whales batting - Pitching for Daytona Beach Islanders : LHP Richard Herendeen
|
|
Batting: RHB Patrick Rubino
|
0-0: Called Strike 0-1: Ball 1-1: Ball 2-1: Ball 3-1: Base on Balls
|
|
Batting: SHB Philip Rossi
|
0-0: Foul Ball, location: 2F 0-1: SINGLE (Groundball, 56D, EV 100.0 MPH) Patrick Rubino to second Patrick Rubino to third
|
|
Batting: LHB Brad Garnett
|
0-0: Ball 1-0: Foul Ball, location: 2F 1-1: SINGLE (Groundball, 3D, EV 101.3 MPH) Patrick Rubino scores Philip Rossi to second Runner from 2nd tries for 3rd, SAFE, throw by RF made to third
|
|
Batting: SHB Ramon Alcantara
|
0-0: Foul Ball, location: 2F 0-1: Swinging Strike 0-2: Ball Brad Garnett steals 2nd base 1-2: Ball 2-2: Ball 3-2: Fly out, F8 (Flyball, 8RM, EV 83.8 MPH) Runner from 3rd tags up, SCORES, throw by CF
|
|
Batting: RHB Tom Grant
|
0-0: Called Strike 0-1: Ball 1-1: Called Strike 1-2: DOUBLE (Line Drive, 89D, EV 103.8 MPH) Brad Garnett scores
|
|
Pitching: RHP Randall Rambis
|
|
|
Batting: LHB Lorenzo Bundy
|
0-0: Ball 1-0: Foul Ball, location: 2F 1-1: Foul Ball, location: 2F 1-2: Ground out U3 (Groundball, 3, EV 85.6 MPH) Tom Grant to third
|
|
Batting: RHB Donald Morris
|
0-0: Ball 1-0: Fly out, F9 (Flyball, 9D, EV 110.0 MPH)
|
| Top of the 2nd over - 3 runs, 3 hits, 0 errors, 1 left on base; Miami 6 - Daytona Beach 0 |
| BOTTOM OF THE 2ND |
|
Daytona Beach Islanders batting - Pitching for Miami Whales : RHP Craig Jones
|
|
Batting: RHB Gary Kempton
|
0-0: SINGLE (Flyball, 5D, EV 86.9 MPH)
|
|
Batting: RHB Douglas Wabeke
|
0-0: Ball 1-0: Foul Ball, location: 2F 1-1: Fly out, F3 (Popup, 3S, EV 71.9 MPH)
|
|
Batting: RHB Jose Gonzalez
|
0-0: Fly out, F3 (Popup, 3S, EV 87.5 MPH)
|
|
Batting: RHB Jeff Rutledge
|
0-0: Called Strike 0-1: Ball 1-1: Foul Ball, location: 2F 1-2: Foul Ball, location: 2F 1-2: Strikes out swinging
|
| Bottom of the 2nd over - 0 runs, 1 hit, 0 errors, 1 left on base; Miami 6 - Daytona Beach 0 |
| TOP OF THE 3RD |
|
Miami Whales batting - Pitching for Daytona Beach Islanders : RHP Randall Rambis
|
|
Batting: RHB Steve Benson
|
0-0: Fly out, F9 (Flyball, 9, EV 88.8 MPH)
|
|
Batting: RHB Ramon Cardenas
|
0-0: Called Strike 0-1: SINGLE (Groundball, 34D, EV 94.4 MPH)
|
|
Batting: RHB Patrick Rubino
|
0-0: Swinging Strike 0-1: Grounds into double play, 6-4-3 (Groundball, 6, EV 87.5 MPH)
|
| Top of the 3rd over - 0 runs, 1 hit, 0 errors, 0 left on base; Miami 6 - Daytona Beach 0 |
| BOTTOM OF THE 3RD |
|
Daytona Beach Islanders batting - Pitching for Miami Whales : RHP Craig Jones
|
|
Batting: RHB Jeffrey Coker
|
0-0: Foul Ball, location: 2F 0-1: Foul Ball, location: 2F 0-2: Foul Ball, location: 2F 0-2: Ball 1-2: Strikes out swinging
|
|
Batting: SHB Michael Frierson
|
0-0: Fly out, F7 (Flyball, 7LS, EV 86.9 MPH)
|
|
Batting: RHB Juan Salinas
|
0-0: Ball 1-0: Foul Ball, location: 2F 1-1: Called Strike 1-2: Strikes out swinging, 2-3 out at first.
|
| Bottom of the 3rd over - 0 runs, 0 hits, 0 errors, 0 left on base; Miami 6 - Daytona Beach 0 |
| TOP OF THE 4TH |
|
Miami Whales batting - Pitching for Daytona Beach Islanders : RHP Randall Rambis
|
|
Batting: SHB Philip Rossi
|
0-0: Ball 1-0: Called Strike 1-1: Reached on error, E4 (Groundball, 4, EV 82.5 MPH)
|
|
Batting: LHB Brad Garnett
|
0-0: Ball 1-0: SINGLE (Line Drive, 4D, EV 95.6 MPH) Philip Rossi to second Runner from 2nd tries for 3rd, SAFE, no throw by RF
|
|
Batting: SHB Ramon Alcantara
|
0-0: Called Strike 0-1: SINGLE (Groundball, 4MD, EV 101.9 MPH) Philip Rossi scores Brad Garnett to second Runner from 2nd tries for 3rd, SAFE, throw by CF made to third
|
|
Batting: RHB Tom Grant
|
0-0: Foul Ball, location: 2F 0-1: Ball 1-1: SINGLE (Groundball, 6D, EV 104.4 MPH) Brad Garnett scores Ramon Alcantara to second
|
|
Batting: LHB Lorenzo Bundy
|
0-0: Ball 1-0: Grounds into double play, 4-6-3 (Groundball, 4, EV 101.3 MPH) Ramon Alcantara to third
|
|
Batting: RHB Donald Morris
|
0-0: SINGLE (Groundball, 4S, EV 100.0 MPH) Ramon Alcantara scores
|
|
Batting: RHB Steve Benson
|
0-0: Called Strike 0-1: Ball 1-1: SINGLE (Line Drive, 5D, EV 108.8 MPH) Donald Morris to second
|
|
Batting: RHB Ramon Cardenas
|
0-0: Foul Ball, location: 2F 0-1: Ball 1-1: Ball 2-1: Ball 3-1: Fielders Choice at 2nd, 6-4 (Groundball, 6, EV 78.8 MPH)
|
| Top of the 4th over - 3 runs, 5 hits, 1 error, 2 left on base; Miami 9 - Daytona Beach 0 |
| BOTTOM OF THE 4TH |
|
Daytona Beach Islanders batting - Pitching for Miami Whales : RHP Craig Jones
|
|
Batting: LHB Jim Eppard
|
0-0: Called Strike 0-1: Called Strike 0-2: Fly out, F9 (Flyball, 89D, EV 84.4 MPH)
|
|
Batting: RHB Columbus Duncan
|
0-0: Called Strike 0-1: Foul Ball, location: 2F 0-2: Strikes out looking
|
|
Batting: RHB Gary Kempton
|
0-0: Swinging Strike 0-1: Swinging Strike 0-2: Ball 1-2: Foul Ball, location: 2F 1-2: Ball 2-2: Ball 3-2: Ground out 4-3 (Groundball, 4M, EV 83.8 MPH)
|
| Bottom of the 4th over - 0 runs, 0 hits, 0 errors, 0 left on base; Miami 9 - Daytona Beach 0 |
| TOP OF THE 5TH |
|
Miami Whales batting - Pitching for Daytona Beach Islanders : RHP Randall Rambis
|
|
Batting: RHB Patrick Rubino
|
0-0: Ball 1-0: Ball 2-0: SOLO HOME RUN (Flyball, 8RXD, EV 94.4 MPH), Distance : 434 ft
|
|
Batting: SHB Philip Rossi
|
0-0: Ball 1-0: Ball 2-0: Ball 3-0: Base on Balls
|
|
Batting: LHB Brad Garnett
|
0-0: Ball 1-0: Foul Ball, location: 2F 1-1: Ball 2-1: Swinging Strike 2-2: Strikes out swinging
|
|
Batting: SHB Ramon Alcantara
|
0-0: Ball 1-0: Foul Ball, location: 2F 1-1: Foul Ball, location: 2F 1-2: Ball 2-2: Ball 3-2: SINGLE (Groundball, 34S, EV 68.8 MPH) (infield hit) Philip Rossi to second
|
|
Batting: RHB Tom Grant
|
0-0: Called Strike 0-1: Grounds into double play, 5-4-3 (Groundball, 56S, EV 90.0 MPH)
|
| Top of the 5th over - 1 run, 2 hits, 0 errors, 1 left on base; Miami 10 - Daytona Beach 0 |
| BOTTOM OF THE 5TH |
|
Daytona Beach Islanders batting - Pitching for Miami Whales : RHP Craig Jones
|
|
Batting: RHB Douglas Wabeke
|
0-0: Ball 1-0: Ball 2-0: Foul Ball, location: 2F 2-1: Ball 3-1: Called Strike 3-2: Foul Ball, location: 2F 3-2: Base on Balls
|
|
Batting: RHB Jose Gonzalez
|
0-0: Grounds into double play, 4-6-3 (Groundball, 4, EV 82.5 MPH)
|
|
Batting: RHB Jeff Rutledge
|
0-0: Ball 1-0: Ball 2-0: Called Strike 2-1: Foul Ball, location: 2F 2-2: Strikes out swinging
|
| Bottom of the 5th over - 0 runs, 0 hits, 0 errors, 0 left on base; Miami 10 - Daytona Beach 0 |
| TOP OF THE 6TH |
|
Miami Whales batting - Pitching for Daytona Beach Islanders : RHP Randall Rambis
|
|
Pitching: RHP Paul Tarango
|
|
|
Batting: LHB Lorenzo Bundy
|
0-0: Called Strike 0-1: Ball 1-1: Fly out, F7 (Flyball, 7LM, EV 86.3 MPH)
|
|
Batting: RHB Donald Morris
|
0-0: Swinging Strike 0-1: DOUBLE (Line Drive, 89XD, EV 111.3 MPH)
|
|
Batting: RHB Steve Benson
|
0-0: Called Strike 0-1: Ball 1-1: Called Strike 1-2: Ball 2-2: Ball 3-2: Foul Ball, location: 2F 3-2: Base on Balls
|
|
Batting: RHB Ramon Cardenas
|
0-0: SINGLE (Groundball, 5S, EV 71.3 MPH) (infield hit) Donald Morris to third Steve Benson to second
|
|
Batting: RHB Patrick Rubino
|
0-0: Ball 1-0: Called Strike 1-1: Ball 2-1: Swinging Strike 2-2: Ball 3-2: Fly out, F8 (Flyball, 78S, EV 86.3 MPH)
|
|
Batting: SHB Philip Rossi
|
0-0: Fly out, F8 (Flyball, 8RM, EV 83.8 MPH)
|
| Top of the 6th over - 0 runs, 2 hits, 0 errors, 3 left on base; Miami 10 - Daytona Beach 0 |
| BOTTOM OF THE 6TH |
|
Daytona Beach Islanders batting - Pitching for Miami Whales : RHP Craig Jones
|
|
Batting: RHB Jeffrey Coker
|
0-0: Ball 1-0: Ball 2-0: Called Strike 2-1: Swinging Strike 2-2: Ball 3-2: Strikes out looking
|
|
Batting: SHB Michael Frierson
|
0-0: Ball 1-0: Foul Ball, location: 2F 1-1: Called Strike 1-2: Strikes out swinging
|
|
Batting: RHB Juan Salinas
|
0-0: Ball 1-0: Foul Ball, location: 2F 1-1: Ball 2-1: Fly out, F8 (Line Drive, 8LD, EV 94.4 MPH)
|
| Bottom of the 6th over - 0 runs, 0 hits, 0 errors, 0 left on base; Miami 10 - Daytona Beach 0 |
| TOP OF THE 7TH |
|
Miami Whales batting - Pitching for Daytona Beach Islanders : RHP Paul Tarango
|
|
Pinch Hitting: RHB Jonathan Cordova
|
0-0: Ball 1-0: Ball 2-0: Foul Ball, location: 2F 2-1: Called Strike 2-2: Hit by Pitch
|
|
Batting: SHB Ramon Alcantara
|
0-0: Foul Ball, location: 2F 0-1: Foul Ball, location: 2F 0-2: Ball 1-2: Ball 2-2: Foul Ball, location: 2F 2-2: Strikes out swinging
|
|
Pitching: RHP Michael Rostas
|
|
|
Batting: RHB Tom Grant
|
0-0: Foul Ball, location: 2F 0-1: Ball 1-1: Ball 2-1: Foul Ball, location: 2F 2-2: 2-RUN HOME RUN (Flyball, 78XD, EV 106.3 MPH), Distance : 399 ft
|
|
Batting: LHB Lorenzo Bundy
|
0-0: Foul Ball, location: 2F 0-1: Fly out, F8 (Flyball, 78M, EV 80.0 MPH)
|
|
Batting: RHB Donald Morris
|
0-0: Called Strike 0-1: Swinging Strike 0-2: Ball 1-2: Foul Ball, location: 2F 1-2: Strikes out swinging
|
| Top of the 7th over - 2 runs, 1 hit, 0 errors, 0 left on base; Miami 12 - Daytona Beach 0 |
| BOTTOM OF THE 7TH |
|
Daytona Beach Islanders batting - Pitching for Miami Whales : RHP Craig Jones
|
|
Now in CF: Jonathan Cordova
|
|
|
Pinch Hitting: RHB Don Stricklen
|
0-0: Foul Ball, location: 2F 0-1: Fly out, F9 (Flyball, 9LM, EV 95.6 MPH)
|
|
Batting: RHB Columbus Duncan
|
0-0: Called Strike 0-1: Ground out 6-3 (Groundball, 6, EV 88.8 MPH)
|
|
Batting: RHB Gary Kempton
|
0-0: Ball 1-0: Foul Ball, location: 2F 1-1: Swinging Strike 1-2: Strikes out swinging
|
| Bottom of the 7th over - 0 runs, 0 hits, 0 errors, 0 left on base; Miami 12 - Daytona Beach 0 |
| TOP OF THE 8TH |
|
Miami Whales batting - Pitching for Daytona Beach Islanders : RHP Michael Rostas
|
|
Now at 1B: Tarry Boelter
|
|
|
Batting: RHB Steve Benson
|
0-0: Ball 1-0: Ball 2-0: Fly out, F7 (Flyball, 7D, EV 101.9 MPH)
|
|
Batting: RHB Ramon Cardenas
|
0-0: Ball 1-0: SINGLE (Groundball, 6D, EV 105.0 MPH)
|
|
Batting: RHB Patrick Rubino
|
0-0: Ball 1-0: Swinging Strike 1-1: Ball 2-1: Foul Ball, location: 2F 2-2: Ball 3-2: Fielders Choice at 2nd, 5-4 (Groundball, 5L, EV 110.6 MPH)
|
|
Batting: SHB Philip Rossi
|
0-0: Ball 1-0: Swinging Strike 1-1: Foul Ball, location: 2F 1-2: Ground out U3 (Groundball, 34, EV 86.3 MPH)
|
| Top of the 8th over - 0 runs, 1 hit, 0 errors, 1 left on base; Miami 12 - Daytona Beach 0 |
| BOTTOM OF THE 8TH |
|
Daytona Beach Islanders batting - Pitching for Miami Whales : RHP Craig Jones
|
|
Batting: RHB Douglas Wabeke
|
0-0: Ball 1-0: Ball 2-0: Ball 3-0: Called Strike 3-1: Fly out, F9 (Line Drive, 9, EV 89.4 MPH)
|
|
Batting: RHB Jose Gonzalez
|
0-0: Fly out, F8 (Flyball, 8LS, EV 85.0 MPH)
|
|
Batting: RHB Jeff Rutledge
|
0-0: Ball 1-0: Foul Ball, location: 2F 1-1: Ball 2-1: Foul Ball, location: 2F 2-2: Foul Ball, location: 2F 2-2: Foul Ball, location: 2F 2-2: Strikes out swinging
|
| Bottom of the 8th over - 0 runs, 0 hits, 0 errors, 0 left on base; Miami 12 - Daytona Beach 0 |
| TOP OF THE 9TH |
|
Miami Whales batting - Pitching for Daytona Beach Islanders : RHP Michael Rostas
|
|
Batting: RHB Jonathan Cordova
|
0-0: Called Strike 0-1: Foul Ball, location: 2F 0-2: Ball 1-2: Ball 2-2: Fly out, F4 (Line Drive, 4, EV 71.9 MPH)
|
|
Batting: SHB Ramon Alcantara
|
0-0: Foul Ball, location: 2F 0-1: Ball 1-1: Foul Ball, location: 2F 1-2: Ball 2-2: Foul Ball, location: 2F 2-2: Ball 3-2: Base on Balls
|
|
Batting: RHB Tom Grant
|
0-0: Foul Ball, location: 2F 0-1: Ball 1-1: SINGLE (Line Drive, 7LM, EV 106.3 MPH) Ramon Alcantara to second
|
|
Batting: LHB Lorenzo Bundy
|
0-0: Called Strike 0-1: Swinging Strike 0-2: Ball 1-2: Ball 2-2: Foul Ball, location: 2F 2-2: Ball 3-2: SINGLE (Groundball, 4MD, EV 100.6 MPH) Ramon Alcantara to third Tom Grant to second Runner from 3rd tries for Home, SAFE, throw by CF to home
|
|
Pitching: RHP Thad Troedson
|
|
|
Batting: RHB Donald Morris
|
0-0: Called Strike 0-1: Foul Ball, location: 2F 0-2: Foul Ball, location: 2F 0-2: Foul Ball, location: 2F 0-2: Ball 1-2: Foul Ball, location: 2F 1-2: Foul Ball, location: 2F 1-2: Fly out, F9 (Flyball, 9, EV 78.1 MPH)
|
|
Batting: RHB Steve Benson
|
0-0: Called Strike 0-1: Ground out 6-3 (Groundball, P, EV 88.8 MPH)
|
| Top of the 9th over - 1 run, 2 hits, 0 errors, 2 left on base; Miami 13 - Daytona Beach 0 |
| BOTTOM OF THE 9TH |
|
Daytona Beach Islanders batting - Pitching for Miami Whales : RHP Craig Jones
|
|
Batting: RHB Jeffrey Coker
|
0-0: Ball 1-0: Ground out 3-1 (Groundball, 34, EV 80.0 MPH)
|
|
Batting: SHB Michael Frierson
|
0-0: Called Strike 0-1: TRIPLE (Flyball, 8LXD, EV 96.3 MPH)
|
|
Batting: RHB Juan Salinas
|
0-0: Called Strike 0-1: Fly out, F8 (Flyball, 8RD, EV 91.9 MPH) Runner from 3rd tags up, SCORES, no throw by CF
|
|
Batting: RHB Tarry Boelter
|
0-0: Ball 1-0: Called Strike 1-1: Fly out, F8 (Flyball, 8LM, EV 88.1 MPH)
|
| Bottom of the 9th over - 1 run, 1 hit, 0 errors, 0 left on base; Miami 13 - Daytona Beach 1 |
|